 Dungeon Crawl Stone Soup version 0.28.0 (webtiles) character file.

Game seed: 3256251171390346684

93571 danielguo94 the Bludgeoner (level 16, -2/151 HPs)
             Began as a Gargoyle Fighter on Feb 8, 2022.
             Was an Elder of the Shining One.
             Constricted to death by an anaconda (3 damage)
             ... on level 1 of the Snake Pit.
             The game lasted 00:43:35 (25315 turns).

danielguo94 the Bludgeoner (Gargoyle Fighter)      Turns: 25315, Time: 00:43:35

Health: -2/151     AC: 33    Str: 34    XL:     16   Next: 9%
Magic:  1/25       EV:  9    Int: 16    God:    the Shining One [****..]
Gold:   1065       SH: 21    Dex:  9    Spells: 15/15 levels left

rFire   . . .      SeeInvis .   Z - +0 morningstar
rCold   . . .      Faith    .   c - +0 tower shield
rNeg    + + +      Spirit   .   b - +2 chain mail of Benevolence {Regen+ Int+6}
rPois   ∞          Reflect  +   C - +0 helmet
rElec   +          Harm     .   L - +0 cloak
rCorr   .          Rampage  .   Q - +2 pair of gloves {Str+3}
Will    +....      Rage     1%  B - +0 pair of boots
Stlth   ..........              p - amulet of reflection
HPRegen 1.15/turn               q - +4 ring of evasion
MPRegen 0.19/turn               n - +6 ring of strength

@: berserking, flying, glowing, constricted, studying Unarmed Combat, very quick
A: sickness immunity, AC +12, big wings, negative energy resistance 1,
electricity resistance, torment resistance 1, petrification resistance, berserk
1, clumsy 1
a: Renounce Religion, Divine Shield, Cleansing Flame


You were on level 1 of the Snake Pit.
You worshipped the Shining One.
The Shining One was greatly pleased with you.
You visited 5 branches of the dungeon, and saw 24 of its levels.
You visited the Abyss 1 time.

You collected 2406 gold pieces.
You spent 1320 gold pieces at shops.
You donated 21 gold pieces to Zin.

Inventory:

Hand Weapons
 f - a +4 antimagic broad axe
 Z - a +0 morningstar (weapon)
Missiles
 a - a silver boomerang
 h - 35 poisoned darts
 o - 10 curare-tipped darts
 x - 18 boomerangs
 R - 6 throwing nets
Armour
 b - the +2 chain mail of Benevolence (worn) {Regen+ Int+6}
   (You found it on level 8 of the Dungeon)

   Int:       It affects your intelligence (+6).
   Regen:     It increases your rate of health regeneration.
 c - a +0 tower shield (worn)
 B - a +0 pair of boots (worn)
 C - a +0 helmet (worn)
 H - the +3 scale mail "Joelef" {*Corrode rC+++ MP+9 Dex+3}
   (You bought it in a shop on level 3 of the Dungeon)

   Dex:       It affects your dexterity (+3).
   rC:        It renders you almost immune to cold.
   MP:        It affects your magic capacity (+9).
   *Corrode:  It may corrode you when you take damage.
 L - a +0 cloak (worn)
 Q - a +2 pair of gloves of strength (worn)
Jewellery
 n - a +6 ring of strength (right hand)
 p - an amulet of reflection (around neck)
 q - a +4 ring of evasion (left hand)
 P - a +6 ring of dexterity
 V - a +4 ring of protection
Wands
 r - a wand of acid (3)
 t - a wand of digging (13)
 v - a wand of flame (10) (quivered)
 I - a wand of paralysis (6)
 M - a wand of iceblast (21)
 N - a wand of mindburst (10)
 S - a wand of charming (6)
Scrolls
 e - 4 scrolls of enchant weapon
 g - 2 scrolls of teleportation
 i - 4 scrolls of summoning
 k - 3 scrolls of fog
 m - 4 scrolls of immolation
 s - a scroll of holy word {unknown}
 w - 3 scrolls of fear
 y - a scroll of noise {unknown}
 D - a scroll of enchant armour
 K - 5 scrolls of blinking
 T - a scroll of acquirement {unknown}
 W - a scroll of magic mapping {unknown}
 X - 2 scrolls of brand weapon {unknown}
Potions
 d - a potion of might
 j - 3 potions of ambrosia
 l - 5 potions of curing
 u - 3 potions of flight {unknown}
 z - 3 potions of magic {unknown}
 A - 3 potions of degeneration {unknown}
 E - 6 potions of lignification
 F - 4 potions of attraction {unknown}
 G - 3 potions of resistance
 J - 4 potions of haste
 O - a potion of invisibility {unknown}
 U - 3 potions of heal wounds {unknown}
 Y - 2 potions of berserk rage {unknown}


   Skills:
 + Level 12.0 Fighting
 * Level 17.7 Maces & Flails
 + Level 0.8 Throwing
 + Level 10.9 Armour
 + Level 4.2 Dodging
 + Level 13.1 Shields
 * Level 12.7 Invocations
 + Level 2.0 Evocations


You had 15 spell levels left.
You didn't know any spells.
Your spell library contained the following spells:

 Spells                   Type           Power      Damage    Failure   Level
 Animate Skeleton         Necr           0%         N/A       98%         1
 Apportation              Tloc           0%         N/A       98%         1
 Freeze                   Ice            0%         1d3       98%         1
 Summon Small Mammal      Summ           0%         N/A       98%         1
 Blink                    Tloc           0%         N/A       99%         2
 Corpse Rot               Necr/Air       0%         N/A       99%         2
 Ensorcelled Hibernation  Hex/Ice        0%         N/A       99%         2
 Poisonous Vapours        Pois/Air       0%         N/A       99%         2
 Frozen Ramparts          Ice            0%         1d2       100%        3
 Ignite Poison            Fire/Tmut/Pois 0%         N/A       100%        3
 Mephitic Cloud           Conj/Pois/Air  0%         N/A       100%        3
 Spider Form              Tmut/Pois      0%         N/A       100%        3
 Summon Guardian Golem    Hex/Summ       0%         N/A       100%        3
 Tukima's Dance           Hex            0%         N/A       100%        3
 Anguish                  Hex/Necr       0%         N/A       100%        4
 Animate Dead             Necr           0%         N/A       100%        4
 Hailstorm                Conj/Ice       0%         3d3       100%        4
 Olgreb's Toxic Radiance  Pois           0%         N/A       100%        4
 Borgnjor's Vile Clutch   Necr/Erth      0%         N/A       100%        5
 Freezing Cloud           Conj/Ice/Air   0%         6-21      100%        5
 Manifold Assault         Tloc           0%         N/A       100%        5
 Death Channel            Necr           0%         N/A       100%        6
 Enfeeble                 Hex            0%         N/A       100%        7
 Orb of Destruction       Conj           0%         9d5       100%        7
 Ozocubu's Refrigeration  Ice            0%         4d5       100%        7
 Spellforged Servitor     Conj/Summ      0%         N/A       100%        7
 Storm Form               Tmut/Air       0%         N/A       100%        7
 Ignition                 Fire           0%         3d3       100%        8


Dungeon Overview and Level Annotations

Branches:
Dungeon (14/15)            Temple (1/1) D:4            Lair (6/6) D:8
 Shoals (0/4) Lair:2        Snake (1/4) Lair:3        Slime (0/5) Lair:5
    Orc (2/2) D:10            Elf (0/3) Orc:2        Vaults (0/5) D:14

Altars:
Ashenzari
Cheibriados
Elyvilon
Fedhas
Gozag
Hepliaklqana
Kikubaaqudgha
Makhleb
Okawaru
Qazlal
Ru
Sif Muna
Trog
Uskayaw
Vehumet
Zin
The Shining One
Beogh
Jiyva

Shops:
D:3 *   D:5 *   D:7 [   D:8 *   Orc:2 :[(

Annotations:
Lair:5 exclusion: oklob plant


Innate Abilities, Weirdness & Mutations

You are immune to sickness and miasma.
Your stone body is resilient. (AC +12)
You are immune to poison.
Your large and strong wings let you fly.
You resist negative energy. (rN+)
You are resistant to electric shocks. (rElec)
You are resistant to unholy torment.
You are immune to petrification.
You tend to lose your temper in combat.
You are clumsy. (Dex -2)


Message History

You feel your power leaking away.
You closely miss the mana viper.
The mana viper is severely wounded.
You block the anaconda's attack. The anaconda constricts you.
* * * LOW HITPOINT WARNING * * *
You block the black mamba's attack. x2
The naga ritualist hits you from afar with a +2 trident of protection.
* * * LOW HITPOINT WARNING * * *
The anaconda closely misses you. The anaconda constricts you.
You puncture the mana viper!
The mana viper is almost dead.
The mana viper bites you but does no damage.
You block the black mamba's attack. x2
The anaconda bites you but does no damage.
The anaconda constricts you.
* * * LOW HITPOINT WARNING * * *
You barely miss the mana viper.
The mana viper is almost dead.
The black mamba bites you but does no damage.
You block the black mamba's attack. You block the mana viper's attack.
You block the naga ritualist's attack.
The anaconda bites you but does no damage.
The anaconda constricts you.
* * * LOW HITPOINT WARNING * * *
Unknown command.
You closely miss the mana viper.
The mana viper is almost dead.
You block the black mamba's attack. The black mamba closely misses you.
The anaconda bites you but does no damage.
The anaconda constricts you.
* * * LOW HITPOINT WARNING * * *
The mana viper bites you but does no damage.
You block the naga ritualist's attack.
You hit the mana viper.
The mana viper is almost dead.
The black mamba bites you.
* * * LOW HITPOINT WARNING * * *
You block the black mamba's attack. You block the anaconda's attack.
The anaconda constricts you.
You die...

......S..#.....(........#........
.##...)S##.............##.....##.
#..S..#............#)###......#
#.S..##...##N..................
....## ...###..................
..... ....##..................
..... #......................
.... #................†....
#..NS@S...N......†....
#...SS...........#.#..
#...............####..
#...............# ##.
#......#.#.#...# #. #....###.8
#... #. #.... ..###.# ##. #...#
... #>####.. #.#....


You could see an anaconda, 2 naga ritualists, a mana viper, 2 black mambas and a
naga.

Vanquished Creatures
  A tentacled starspawn (Abyss:2)
  Kirke (D:12)
  Aizul (Lair:3)
  An orc warlord (Orc:1)
  2 very ugly things (D:12)
  A blizzard demon (Abyss:2)
  Harold (Lair:2)
  8 vault guards (D:14)
  A boulder beetle (D:13)
  9 hydras
  3 anacondas (Snake:1)
  A catoblepas (Lair:2)
  5 centaur warriors
  2 two-headed ogres
  2 orc high priests (Orc:2)
  3 naga sharpshooters (Snake:1)
  A thrashing horror (Abyss:2)
  A shock serpent (Snake:1)
  Nergalle (Orc:2)
  Sonja (D:12)
  6 orc knights
  5 lindwurms
  2 deep elf pyromancers (D:14)
  2 mana vipers
  13 ugly things
  2 orc sorcerers
  3 cyclopes (D:12)
  A worldbinder (Abyss:2)
  A salamander (Snake:1)
  6 elephants (Lair:5)
  The ghost of cayde69 the Chopper, a novice DDBe of Trog (D:5)
  4 manticores
  14 black mambas
  9 cane toads
  2 smoke demons (Abyss:2)
  A naga mage (Snake:1)
  A gargoyle (D:11)
  Psyche (D:12)
  2 torpor snails (Lair:6)
  2 rime drakes (Lair:6)
  A kobold demonologist (D:10)
  An ice devil (Abyss:2)
  10 komodo dragons
  2 ancient zymes (Abyss:2)
  A tormentor (Abyss:2)
  A large abomination (Abyss:2)
  3 trolls
  3 meliai
  3 polar bears
  A wind drake (Lair:2)
  7 hornets
  9 slime creatures (D:14)
  5 dream sheep
  14 blink frogs
  11 spriggans (Lair:6)
  A shadow (D:11)
  A ynoxinul (Abyss:2)
  2 wraiths
  2 wyverns
  59 yaks
  Eustachio (D:6)
  3 basilisks
  A neqoxec (Abyss:2)
  A fire bat (Abyss:2)
  3 hogs
  8 wargs
  A steam dragon (D:8)
  7 nagas
  2 acid dragons
  15 water moccasins
  35 orc warriors
  A hornet zombie (D:8)
  2 sky beasts
  7 black bears
  5 ogres
  33 wolves
  A necrophage (D:4)
  4 boggarts (Lair:6)
  19 centaurs
  2 kobold brigands
  Blork the orc (D:5)
  A gnoll sergeant (D:13)
  14 bullfrogs
  2 small abominations (Abyss:2)
  2 scorpions
  A water moccasin skeleton (D:5)
  10 killer bees
  6 electric eels
  8 howler monkeys
  2 centaur zombies
  A quasit (Abyss:2)
  Crazy Yiuf (D:2)
  9 starcursed masses (Abyss:2)
  4 hounds
  A jelly (D:6)
  16 orc priests
  2 centaur skeletons (D:6)
  3 iguanas
  24 orc wizards
  A hound zombie (D:5)
  Robin (D:3)
  A howler monkey zombie (D:9)
  A howler monkey skeleton (D:7)
  13 gnolls
  6 adders
  A shadow imp (D:5)
  A white imp (D:8)
  An ufetubus (D:6)
  An adder zombie (D:4)
  A worm (D:5)
  2 dart slugs
  83 orcs
  8 endoplasms
  5 giant cockroaches
  17 goblins
  11 hobgoblins
  2 jackals (D:4)
  7 ball pythons
  3 bats
  3 frilled lizards (D:1)
  14 kobolds
  10 rats
713 creatures vanquished.

Vanquished Creatures (others)
  A small abomination (Abyss:2)
  26 fungi
  36 plants
  2 starspawn tentacles (Abyss:2)
  9 toadstools (Lair:5)
74 creatures vanquished.

Grand Total: 787 creatures vanquished

Notes
Turn   | Place    | Note
-------+----------+-------------------------------------------
     0 | D:1      | danielguo94 the Gargoyle Fighter began the quest for the
                  | Orb.
     0 | D:1      | Reached XP level 1. HP: 14/14 MP: 1/1
   410 | D:1      | Reached XP level 2. HP: 11/19 MP: 2/2
  1190 | D:2      | Reached XP level 3. HP: 19/23 MP: 3/3
  1279 | D:2      | Reached skill level 3 in Maces & Flails
  1443 | D:2      | Noticed a scorpion
  1452 | D:2      | Killed a scorpion
  1453 | D:2      | Reached XP level 4. HP: 26/29 MP: 4/4
  1638 | D:2      | Reached skill level 4 in Maces & Flails
  1673 | D:2      | Found a runed translucent door.
  1674 | D:2      | Noticed Crazy Yiuf
  2045 | D:3      | Reached XP level 5. HP: 33/33 MP: 5/5
  2050 | D:3      | Found Nube Nit's Assorted Antiques.
  2054 | D:3      | Bought a scroll labelled RUIFOI QAIH for 32 gold pieces
  2054 | D:3      | Bought a scroll labelled DER BOZAESUNG for 32 gold pieces
  2070 | D:3      | Found a glowing silver altar of Zin.
  2164 | D:3      | Found an ancient bone altar of Kikubaaqudgha.
  2626 | D:3      | Found an opulent altar of Gozag.
  2875 | D:3      | Noticed Robin
  3038 | D:3      | Killed Robin
  3431 | D:3      | Became a worshipper of Zin the Law-Giver
  3506 | D:4      | Noticed a necrophage
  3522 | D:4      | Killed a necrophage
  3523 | D:4      | Reached skill level 5 in Maces & Flails
  3523 | D:4      | Reached XP level 6. HP: 32/38 MP: 6/6
  3610 | D:4      | Noticed a black bear
  3621 | D:4      | Killed a black bear
  3622 | D:4      | Reached skill level 1 in Dodging
  3806 | D:4      | Reached * piety under Zin
  3845 | D:4      | Reached XP level 7. HP: 42/43 MP: 7/7
  3984 | D:4      | Found a shimmering blue altar of Sif Muna.
  4115 | D:4      | Found a staircase to the Ecumenical Temple.
  4204 | Temple   | Entered the Ecumenical Temple
  4247 | Temple   | Fell from the grace of Zin
  4247 | Temple   | Became a worshipper of the Shining One
  4304 | D:5      | Entered Level 5 of the Dungeon
  4304 | D:5      | Noticed Blork the orc
  4312 | D:5      | Killed Blork the orc
  4313 | D:5      | Reached skill level 6 in Maces & Flails
  4577 | D:5      | Found a runed translucent gate.
  4578 | D:5      | Noticed cayde69's ghost (novice DDBe)
  4578 | D:5      | Found a runed translucent gate.
  4578 | D:5      | Found a runed translucent gate.
  4635 | D:5      | Reached * piety under the Shining One
  4655 | D:5      | Reached skill level 7 in Maces & Flails
  4808 | D:5      | Found Muhital's General Store.
  4813 | D:5      | Bought a scroll of identify for 26 gold pieces
  4832 | D:5      | Found a white marble altar of Elyvilon.
  5017 | D:5      | Found an iron altar of Okawaru.
  5161 | D:6      | Reached XP level 8. HP: 42/48 MP: 8/8
  5275 | D:6      | Reached skill level 1 in Invocations
  5522 | D:6      | Noticed Eustachio
  5670 | D:6      | Killed Eustachio
  5671 | D:6      | Reached skill level 8 in Maces & Flails
  5727 | D:6      | Reached skill level 5 in Shields
  6184 | D:6      | Reached XP level 9. HP: 51/53 MP: 11/11
  6390 | D:7      | Found Afenwoh's Armour Shop.
  6420 | D:7      | Reached skill level 5 in Armour
  6603 | D:7      | Reached skill level 9 in Maces & Flails
  6615 | D:7      | Reached skill level 5 in Fighting
  6756 | D:7      | Found a stormy altar of Qazlal.
  6902 | D:7      | Found a broken altar of Ashenzari.
  7391 | D:8      | Noticed a centaur warrior
  7405 | D:8      | Killed a centaur warrior
  7406 | D:8      | Reached skill level 10 in Maces & Flails
  7625 | D:8      | Found a sacrificial altar of Ru.
  7638 | D:8      | Found a bloodstained altar of Trog.
  7644 | D:8      | Reached XP level 10. HP: 52/59 MP: 13/13
  7804 | D:8      | Found a snail-covered altar of Cheibriados.
  7834 | D:8      | Found Lenigeg's Assorted Antiques.
  7842 | D:8      | Bought a bubbling dark potion for 25 gold pieces
  7842 | D:8      | Bought a scroll of identify for 56 gold pieces
  7980 | D:3      | Bought a transparent scale mail for 288 gold pieces
  7980 | D:3      | Identified the +3 scale mail "Joelef" {*Corrode rC+++ MP+9
                  | Dex+3} (You bought it in a shop on level 3 of the Dungeon)
  8139 | D:8      | Found a staircase to the Lair.
  8201 | D:7      | Reached ** piety under the Shining One
  8334 | D:8      | Identified the +2 chain mail of Benevolence {Regen+ Int+6}
  8446 | D:8      | Found a hide-covered altar of Uskayaw.
  8710 | D:9      | Found a runed translucent door.
  8964 | D:9      | Reached skill level 11 in Maces & Flails
  9604 | D:2      | Killed Crazy Yiuf
  9741 | D:5      | Killed cayde69's ghost
  9742 | D:5      | Reached skill level 5 in Invocations
  9894 | D:10     | Entered Level 10 of the Dungeon
  9939 | D:10     | Noticed a two-headed ogre
 10039 | D:10     | Killed a two-headed ogre
 10162 | D:10     | Reached skill level 1 in Evocations
 10177 | D:10     | Reached XP level 11. HP: 64/64 MP: 15/15
 10183 | D:10     | Reached skill level 12 in Maces & Flails
 10307 | D:10     | Noticed a soul eater
 10635 | Lair:1   | Entered Level 1 of the Lair of Beasts
 10904 | Lair:1   | Noticed a six-headed hydra
 10918 | Lair:1   | Killed a six-headed hydra
 11156 | Lair:1   | Reached skill level 13 in Maces & Flails
 11611 | Lair:2   | Identified the -4 buckler "Hofiom" {Rampage rPois Str-2
                  | Dex-3}
 11782 | Lair:2   | Noticed Harold
 11927 | Lair:2   | Killed Harold
 11958 | Lair:2   | Reached *** piety under the Shining One
 11989 | Lair:1   | Reached XP level 12. HP: 39/72 MP: 17/17
 12258 | Lair:2   | Found a staircase to the Shoals.
 12285 | Lair:2   | Reached skill level 14 in Maces & Flails
 12459 | Lair:2   | Noticed a catoblepas
 12472 | Lair:2   | Killed a catoblepas
 13009 | Lair:3   | Noticed an eight-headed hydra
 13536 | Lair:3   | Killed an eight-headed hydra
 13545 | Lair:3   | Found a staircase to the Snake Pit.
 13957 | Lair:4   | Noticed a four-headed hydra
 13973 | Lair:4   | Killed a four-headed hydra
 14052 | Lair:4   | Noticed a six-headed hydra
 14075 | Lair:4   | Reached XP level 13. HP: 79/79 MP: 19/19
 15057 | Lair:5   | Reached **** piety under the Shining One
 15191 | Lair:5   | Found a staircase to the Slime Pits.
 15191 | Lair:5   | Found a viscous altar of Jiyva.
 15199 | Lair:5   | Reached skill level 15 in Maces & Flails
 15617 | Lair:5   | Found a blossoming altar of Fedhas.
 16663 | D:10     | Found a staircase to the Orcish Mines.
 17665 | D:12     | Noticed Sonja
 17667 | D:12     | Noticed Kirke
 17730 | D:11     | Reached skill level 10 in Shields
 17940 | Lair:6   | Entered Level 6 of the Lair of Beasts
 18220 | Lair:5   | Gained mutation: Your large and strong wings let you fly.
                  | [Gargoyle growth]
 18220 | Lair:5   | Reached XP level 14. HP: 47/87 MP: 21/21
 18311 | Lair:6   | Found a glowing golden altar of the Shining One.
 18436 | Lair:6   | Reached skill level 16 in Maces & Flails
 18772 | Lair:6   | Reached skill level 10 in Invocations
 18837 | Lair:6   | Reached skill level 10 in Fighting
 18935 | Lair:6   | Reached ***** piety under the Shining One
 19216 | Lair:6   | Reached skill level 10 in Armour
 19507 | Lair:2   | Found the +1 Delatra's gloves {ID++}
 19520 | Lair:2   | Found the +3 Elemental Staff {rElec rF++ rC++ AC+5}
 19992 | D:12     | Noticed Psyche
 20002 | D:12     | Killed Psyche
 20060 | D:12     | Cast into level 2 of the Abyss (Sonja)
 20186 | Abyss:2  | Gained mutation: You tend to lose your temper in combat. [a
                  | neqoxec]
 20251 | Abyss:2  | Found a shadowy altar of Dithmenos.
 20274 | Abyss:2  | Noticed a starcursed mass
 20372 | Abyss:2  | Noticed a tentacled starspawn
 20377 | Abyss:2  | Noticed a purple very ugly thing
 20379 | Abyss:2  | Noticed a purple very ugly thing
 20384 | Abyss:2  | Killed a tentacled starspawn
 20385 | Abyss:2  | Noticed a purple very ugly thing
 20385 | Abyss:2  | Noticed a purple very ugly thing
 20388 | D:12     | Escaped the Abyss
 20401 | D:12     | Killed a purple very ugly thing
 20404 | D:12     | Killed Sonja
 20408 | D:12     | Killed a purple very ugly thing
 20520 | D:12     | Killed Kirke
 21170 | D:13     | Reached XP level 15. HP: 26/93 MP: 23/23
 21700 | D:3      | Bought a scroll of identify for 64 gold pieces
 21700 | D:3      | Bought a ruby ring for 160 gold pieces
 21969 | D:14     | Found a gate to the Vaults.
 22033 | D:14     | Reached skill level 17 in Maces & Flails
 22383 | D:14     | Found a radiant altar of Vehumet.
 22904 | Orc:1    | Entered Level 1 of the Orcish Mines
 23030 | Orc:2    | Entered Level 2 of the Orcish Mines
 23226 | Orc:2    | Noticed Nergalle
 23249 | Orc:2    | Killed Nergalle
 23439 | Orc:2    | Noticed an orc warlord
 23475 | Orc:1    | Killed an orc warlord
 23545 | Orc:2    | Found Gelacamn's Antique Weapon Boutique.
 23576 | Orc:2    | Found Revih's Book Boutique.
 23628 | Orc:2    | Bought an encrusted war axe for 340 gold pieces
 23628 | Orc:2    | Identified the +7 war axe of the Endless Expanse {vorpal,
                  | rPois rN+ Int-4} (You bought it in a shop on level 2 of the
                  | Orcish Mines)
 23664 | Orc:2    | Gained mutation: You are clumsy. (Dex -2) [a neqoxec]
 23785 | Orc:2    | Found Bunedif's Antique Armour Boutique.
 23791 | Orc:2    | Bought a shimmering hat for 297 gold pieces
 23791 | Orc:2    | Identified the +2 hat of Esenn {SInv} (You bought it in a
                  | shop on level 2 of the Orcish Mines)
 23853 | Orc:2    | Found Baoqyesk's General Store.
 23906 | Orc:2    | Found a staircase to the Elven Halls.
 24924 | Snake:1  | Entered Level 1 of the Snake Pit
 24929 | Snake:1  | Noticed Aizul
 24957 | Lair:3   | Killed Aizul
 25273 | Snake:1  | Reached XP level 16. HP: 22/101 MP: 14/25
 25311 | Snake:1  | HP: 7/151 [constriction (2)]
 25314 | Snake:1  | HP: 2/151 [constriction (3)]
 25315 | Snake:1  | Constricted to death by an anaconda

Illustrated notes

Levels and vault maps discovered:
D:1:      dpeg_arrival_ratfight, layout_basic, hangedman_abyss_or_decor_stabs,
          st_stairs_9
D:2:      layout_rooms, minmay_misc_feat_rows, st_stairs_1, chequers_big_river,
          uniq_crazy_yiuf_cottage
D:3:      layout_loops_corners, lemuel_doored_altar, zin_treasury,
          mainiacjoe_overflow_tiny_flanked, serial_shops, shop,
          minmay_misc_feat_x, uniq_robin
D:4:      minmay_evil_eye, layout_cave_pools, mainiacjoe_overflow_paths,
          minmay_temple_entry_hall, minmay_puff
D:5:      nicolae_cairo_tiling, layout_cave_pools,
          mainiacjoe_overflow_big_doors, gammafunk_ghost_nasty_kobolds,
          serial_shops, nicolae_square_shop, uniq_blork_the_orc
D:6:      layout_rooms, dk_noncrumbling_3, uniq_eustachio
D:7:      layout_loops_ring, lemuel_tele_altar, grunt_qazlal_clouds,
          serial_shops, nicolae_square_shop, chequers_serial_rivers_large_b
D:8:      layout_loops_cross, nicolae_ru_awakened_eye, kennysheep_mini_moat,
          mainiacjoe_overflow_alcove_2, trog_ov_bears_minmay,
          erik_lair_orcish_takeover, serial_shops,
          nicolae_shop_advertising_works [nicolae_subvault_shop_adworks]
D:9:      layout_irregular_city, chequers_jeans, lightli_church_of_beogh
D:10:     layout_roguey, erik_orc_2
D:11:     layout_cave_pools, kennysheep_pointless_box
D:12:     layout_loops_corners, uniq_kirke, uniq_psyche, uniq_sonja
D:13:     layout_grid_maze
D:14:     layout_irregular_city, erik_vaults_2, nicolae_vehumet_altar_sigil
Temple:   dpeg_chambers_temple
Lair:1:   layout_cellular_growth, lemuel_fruit_fields
Lair:2:   layout_hall_layers, minmay_shoals_entry_beasts, st_stairs_4,
          minmay_lindwurm_lava, uniq_harold
Lair:3:   layout_loops_ring, guppyfry_snake_entry_island,
          infiniplex_staircase_pool_2
Lair:4:   layout_regular_city, grunt_megastairs_4
Lair:5:   layout_hall_layers, slime_altar_1, tgw_fedhas, serial_bayou_shore_a,
          serial_bayou_shore_b
Lair:6:   minmay_lair_end_enchanted_forest, layout_cave_pods, basic_altar,
          lemuel_fruit_tree
Snake:1:  layout_grid_shapes, grunt_megastairs_5, serial_bayou_shore_b,
          uniq_aizul
Orc:1:    nicolae_orc_accident_2, layout_caves
Orc:2:    grunt_orc_cross, layout_caves

Skill      XL: |  1  2  3  4  5  6  7  8  9 10 11 12 13 14 15 |
---------------+----------------------------------------------+-----
Maces & Flails | 3 4 5 7 8 10 11 13 14 15 16 17 | 17.7
Armour         | 4 5 6 7 8 9 10 | 10.9
Dodging        | 1 2 3 4 |  4.2
Shields        | 4 5 6 7 8 10 11 13 | 13.1
Fighting       | 4 5 6 7 8 9 10 12 | 12.0
Invocations    | 2 4 6 7 8 9 11 12 | 12.7
Evocations     | 1 2 |  2.0
Throwing       | |  0.8

Action                   |  1- 3 |  4- 6 |  7- 9 | 10-12 | 13-15 | 16-18 || total
-------------------------+-------+-------+-------+-------+-------+-------++-------
Melee: Flail             |    94 |   153 |   268 |   990 |   323 |       ||  1828
       Morningstar       |       |       |       |       |  1431 |    18 ||  1449
Throw: Dart              |     4 |     8 |       |       |       |       ||    12
Invok: Divine Shield     |       |       |       |     1 |       |       ||     1
       Cleansing Flame   |       |       |       |       |    19 |     3 ||    22
Evoke: Wand              |       |     1 |     6 |     7 |     3 |       ||    17
  Use: Scroll            |       |     4 |     5 |     5 |     9 |     2 ||    25
       Potion            |       |       |       |     1 |     3 |     1 ||     5
Armor: Scale mail        |    37 |    59 |   100 |    20 |       |       ||   216
       Chain mail        |       |       |       |   273 |   680 |    19 ||   972
Dodge: Dodged            |    52 |    82 |   161 |   360 |   663 |    10 ||  1328
Block: Buckler           |    17 |    86 |   157 |   428 |   698 |       ||  1386
       Reflection        |       |     3 |    10 |     4 |    56 |       ||    73
       Tower shield      |       |       |       |       |   528 |    35 ||   563
